AoeStats
← ToKhin

Arabia

510775291Analyzed
2v2 RM · 9h ago on Oct 2, 2026· 42m 28s· 4 players
Game mode
Random Map
Map size
Medium (4 player)
Population
200
Speed
Normal
Resources
Standard
Victory
Conquest
Starting age
Dark Age
Ending age
Imperial Age
RankedLock teamsTeams togetherTeam positionsShared explorationLock speedFull tech treeHidden civsTurbo modeCheats
Victory
Defeat
🇻🇳 Khitans · Vietnam
1171
+16
🇻🇳 Franks · Vietnam
1171
+16
🇰🇷 Lithuanians · South Korea
1213
-33
🇦🇺 Mongols · Australia
1132
-14
thetoaninfo
4:58 Loom
9:38 Feudal Age
10:25 Double-Bit Axe
14:09 Forging
17:25 Domestication
22:06 Castle Age
20:35 Scale Barding Armor
22:13 Light Cavalry
24:53 Iron Casting
24:41 Gold Mining
26:15 Bow Saw
29:18 Chain Barding Armor
29:50 Husbandry
30:54 Wheelbarrow
31:21 Pastoralism
32:50 Stone Mining
35:58 Imperial Age
34:34 Hand Cart
34:04 Town Watch
36:24 Town Watch
36:17 Heavy Camel Rider
36:19 Elite Steppe Lancer
36:58 Treadmill Crane
38:10 Conscription
37:45 Heavy Camel Rider
38:34 Ordo Cavalry
40:10 Plate Barding Armor
40:31 Transhumance
42:03 Transhumance
ToKhin
2:42 Loom
11:03 Feudal Age
19:08 Castle Age
19:52 Double-Bit Axe
22:38 Forging
26:01 Bow Saw
30:54 Husbandry
31:31 Gold Mining
32:58 Iron Casting
33:43 Wheelbarrow
38:35 Hand Cart
39:31 Stone Mining
40:41 Scale Barding Armor
41:23 Gold Shaft Mining
Scarecrow
9:48 Feudal Age
8:42 Loom
10:37 Double-Bit Axe
10:35 Horse Collar
23:44 Castle Age
23:51 Pikeman
24:32 Squires
27:25 Elite Skirmisher
32:27 Bow Saw
36:16 Scale Mail Armor
36:23 Padded Archer Armor
37:05 Wheelbarrow
Raznaz
9:59 Feudal Age
8:15 Loom
10:44 Double-Bit Axe
10:40 Horse Collar
17:34 Castle Age
17:40 Bloodlines
17:44 Forging
18:18 Scale Barding Armor
19:20 Bow Saw
20:52 Heavy Plow
23:52 Iron Casting
24:13 Chain Barding Armor
28:51 Husbandry
32:12 Pikeman
32:53 Squires
34:09 Wheelbarrow
37:12 Hand Cart
37:28 Scale Mail Armor
37:18 Fletching
41:38 Imperial Age
39:07 Elite Skirmisher
Connection lost

Rejoining the realm…

Still unreachable

The connection could not be restored.

Session expired

The server has moved on; the page needs a fresh start.